2981 views
Uploaded 2020-04-17 00:31:32
Game version 1.32.3
31:00 long 1on1 ladder game on (2)Amazonia
Saved by BEARAND
2981 views
Uploaded 2020-04-17 00:31:32
Game version 1.32.3
31:00 long 1on1 ladder game on (2)Amazonia

23 units @ 2.5k
/ 0.2k
68 buildings @ 4.6k
/ 2.6k



| Scroll of Regeneration | 4 | 400 |
| Staff of Sanctuary | 3 | 750 |
| Lesser Clarity Potion | 3 | 210 |
| Orb of Fire | 2 | 650 |
| Potion of Mana | 1 | 200 |
| Staff of Teleportation | 3 | 450 |
| Boots of Speed | 4 | 1000 |
| total: | 20 | 3660g |
| Peasant | 15 | 1125 | / | 0 |
| Priest | 1 | 135 | / | 10 |
| Sorceress | 1 | 155 | / | 20 |
| Dragonhawk Rider | 5 | 1000 | / | 150 |
| Footman | 1 | 135 | / | 0 |
| total: | 23 | 2550g | / | 180w |
| Scout Tower | 51 | 1530 | / | 1020 |
| Arcane Tower | 4 | 280 | / | 200 |
| Guard Tower | 32 | 2240 | / | 1600 |
| Altar of Kings | 1 | 180 | / | 50 |
| Farm | 5 | 400 | / | 100 |
| Lumber Mill | 1 | 120 | / | 0 |
| Arcane Vault | 1 | 130 | / | 30 |
| Town Hall | 4 | 1540 | / | 820 |
| Barracks | 1 | 160 | / | 60 |
| Blacksmith | 1 | 140 | / | 60 |
| Arcane Sanctum | 1 | 150 | / | 140 |
| Gryphon Aviary | 2 | 280 | / | 300 |
| Keep | 1 | 320 | / | 210 |
| Castle | 1 | 360 | / | 210 |
| total: | 68 | 4630g | / | 2580w |
| 0:05 | Peasant |
| 0:05 | Peasant |
| 0:05 | Peasant |
| 0:13 | Altar of Kings |
| 0:21 | Farm |
| 0:32 | Peasant |
| 0:44 | Peasant |
| 0:49 | Lumber Mill |
| 0:51 | Scout Tower |
| 1:07 | Peasant |
| 1:10 | Peasant |
| 1:21 | Farm |
| 1:24 | Arcane Vault |
| 1:39 | Scout Tower |
| 1:40 | Arcane Tower |
| 1:44 | Peasant |
| 1:57 | Scout Tower |
| 2:10 | Blizzard |
| 2:46 | Guard Tower |
| 2:46 | Scout Tower |
| 2:47 | Peasant |
| 2:48 | Peasant |
| 2:48 | Peasant |
| 2:48 | Peasant |
| 2:49 | Peasant |
| 3:01 | Brilliance Aura |
| 3:08 | Guard Tower |
| 3:10 | Scout Tower |
| 3:11 | Peasant |
| 3:11 | Peasant |
| 3:40 | Staff of Teleportation |
| 3:41 | Boots of Speed |
| 3:44 | Guard Tower |
| 4:11 | Scout Tower |
| 4:12 | Scout Tower |
| 4:24 | Scroll of Regeneration |
| 4:31 | Keep |
| 4:42 | Guard Tower |
| 4:43 | Scout Tower |
| 4:44 | Scout Tower |
| 5:12 | Guard Tower |
| 5:17 | Farm |
| 5:18 | Farm |
| 5:19 | Farm |
| 5:41 | Guard Tower |
| 5:44 | Improved Masonry |
| 6:14 | Blizzard |
| 7:38 | Advanced Masonry |
| 7:40 | Arcane Sanctum |
| 7:49 | Castle |
| 7:50 | Scroll of Regeneration |
| 7:54 | Improved Lumber Harvesting |
| 8:12 | Storm Bolt |
| 8:15 | Staff of Teleportation |
| 8:15 | Boots of Speed |
| 8:17 | Boots of Speed |
| 9:06 | Magic Sentry |
| 9:06 | Priest |
| 10:04 | Sorceress |
| 10:04 | Sorceress Adept Training |
| 10:05 | Priest Adept Training |
| 10:17 | Scroll of Regeneration |
| 10:20 | Staff of Sanctuary |
| 11:28 | Holy Light |
| 11:38 | Lesser Clarity Potion |
| 12:00 | Bash |
| 12:44 | Scout Tower |
| 12:44 | Scout Tower |
| 12:45 | Scout Tower |
| 12:59 | Brilliance Aura |
| 13:10 | Imbued Masonry |
| 13:19 | Guard Tower |
| 13:41 | Scout Tower |
| 13:41 | Scout Tower |
| 13:42 | Scout Tower |
| 13:42 | Scout Tower |
| 13:42 | Scout Tower |
| 13:43 | Scout Tower |
| 13:43 | Scout Tower |
| 13:43 | Scout Tower |
| 13:44 | Scout Tower |
| 13:44 | Scout Tower |
| 13:44 | Scout Tower |
| 13:45 | Scout Tower |
| 13:51 | Scout Tower |
| 13:52 | Scout Tower |
| 13:52 | Scout Tower |
| 13:52 | Scout Tower |
| 13:53 | Scout Tower |
| 14:00 | Divine Shield |
| 14:09 | Guard Tower |
| 14:37 | Guard Tower |
| 14:40 | Town Hall |
| 14:43 | Staff of Sanctuary |
| 14:43 | Orb of Fire |
| 15:06 | Guard Tower |
| 15:14 | Town Hall |
| 15:16 | Staff of Teleportation |
| 15:16 | Boots of Speed |
| 15:22 | Guard Tower |
| 15:30 | Guard Tower |
| 15:37 | Scroll of Regeneration |
| 15:40 | Lesser Clarity Potion |
| 16:27 | Town Hall |
| 16:28 | Scout Tower |
| 16:28 | Scout Tower |
| 16:31 | Storm Bolt |
| 16:37 | Guard Tower |
| 16:37 | Guard Tower |
| 16:49 | Scout Tower |
| 16:50 | Scout Tower |
| 16:50 | Scout Tower |
| 16:50 | Scout Tower |
| 16:51 | Scout Tower |
| 16:51 | Scout Tower |
| 17:09 | Arcane Tower |
| 17:09 | Guard Tower |
| 17:23 | Staff of Sanctuary |
| 17:39 | Guard Tower |
| 18:29 | Gryphon Aviary |
| 18:30 | Gryphon Aviary |
| 18:31 | Barracks |
| 18:32 | Blacksmith |
| 18:49 | Lesser Clarity Potion |
| 18:51 | Potion of Mana |
| 18:58 | Guard Tower |
| 18:59 | Guard Tower |
| 19:19 | Guard Tower |
| 20:09 | Guard Tower |
| 20:10 | Scout Tower |
| 20:11 | Scout Tower |
| 20:12 | Scout Tower |
| 20:13 | Scout Tower |
| 20:13 | Scout Tower |
| 20:47 | Guard Tower |
| 21:32 | Dragonhawk Rider |
| 21:42 | Guard Tower |
| 22:10 | Dragonhawk Rider |
| 22:10 | Dragonhawk Rider |
| 22:22 | Guard Tower |
| 22:43 | Holy Light |
| 23:26 | Dragonhawk Rider |
| 23:26 | Dragonhawk Rider |
| 23:31 | Animal War Training |
| 23:31 | Footman |
| 23:33 | Iron Forged Swords |
| 23:33 | Studded Leather Armor |
| 23:35 | Blizzard |
| 24:06 | Cloud |
| 24:12 | Guard Tower |
| 24:19 | Scout Tower |
| 24:20 | Scout Tower |
| 24:20 | Scout Tower |
| 24:21 | Scout Tower |
| 24:21 | Scout Tower |
| 24:22 | Scout Tower |
| 25:14 | Arcane Tower |
| 25:24 | Arcane Tower |
| 25:54 | Town Hall |
| 26:24 | Bash |
| 26:47 | Guard Tower |
| 26:49 | Scout Tower |
| 26:50 | Scout Tower |
| 26:50 | Scout Tower |
| 27:06 | Divine Shield |
| 27:33 | Guard Tower |
| 27:47 | Guard Tower |
| 29:27 | Orb of Fire |
| Right click | 2880 |
| Select | 712 |
| Select group | 607 |
| Build/train/purchase | 225 |
| Chat | 180 |
| Use ability | 112 |
| Assign group | 24 |
| Misc. action | 23 |
| Item give/drop | 14 |
| Remove unit | 2 |
/ 1k
32 buildings @ 5.5k
/ 2.9k

| Wisp | 34 | 2040 | / | 0 |
| Huntress | 11 | 2145 | / | 220 |
| Glaive Thrower | 3 | 630 | / | 195 |
| Chimaera | 9 | 2970 | / | 630 |
| total: | 57 | 7785g | / | 1045w |
| Ancient Protector | 11 | 1485 | / | 880 |
| Altar of Elders | 1 | 180 | / | 50 |
| Moon Well | 9 | 1620 | / | 360 |
| Ancient of War | 2 | 300 | / | 120 |
| Hunter's Hall | 1 | 210 | / | 100 |
| Tree of Life | 3 | 1020 | / | 555 |
| Ancient of Wind | 1 | 150 | / | 140 |
| Ancient of Lore | 1 | 155 | / | 145 |
| Chimaera Roost | 3 | 420 | / | 570 |
| Tree of Ages | 1 | 320 | / | 180 |
| Tree of Eternity | 1 | 330 | / | 200 |
| total: | 32 | 5540g | / | 2920w |
| 0:08 | Altar of Elders |
| 0:09 | Wisp |
| 0:10 | Wisp |
| 0:16 | Moon Well |
| 0:37 | Wisp |
| 0:50 | Wisp |
| 0:54 | Wisp |
| 1:09 | Ancient of War |
| 1:17 | Wisp |
| 1:36 | Wisp |
| 1:51 | Moon Well |
| 1:54 | Wisp |
| 2:14 | Hunter's Hall |
| 2:16 | Immolation |
| 2:49 | Wisp |
| 2:50 | Wisp |
| 3:11 | Tree of Ages |
| 3:24 | Huntress |
| 3:25 | Huntress |
| 3:36 | Ancient of War |
| 3:46 | Moon Well |
| 4:06 | Mana Burn |
| 4:21 | Moon Well |
| 4:26 | Huntress |
| 4:41 | Moon Well |
| 5:03 | Huntress |
| 5:06 | Huntress |
| 5:14 | Huntress |
| 5:22 | Strength of the Moon |
| 5:43 | Wisp |
| 5:44 | Wisp |
| 6:09 | Evasion |
| 6:18 | Moon Glaive |
| 6:23 | Moon Armor |
| 6:29 | Wisp |
| 6:29 | Wisp |
| 6:47 | Huntress |
| 8:01 | Tree of Life |
| 8:05 | Tree of Eternity |
| 8:20 | Mana Burn |
| 9:14 | Huntress |
| 9:15 | Vorpal Blades |
| 9:42 | Improved Strength of the Moon |
| 10:16 | Tree of Life |
| 10:26 | Glaive Thrower |
| 10:30 | Wisp |
| 10:30 | Wisp |
| 10:38 | Wisp |
| 11:36 | Ancient Protector |
| 11:43 | Ancient Protector |
| 11:53 | Glaive Thrower |
| 12:25 | Tree of Life |
| 12:34 | Ancient Protector |
| 12:38 | Ancient Protector |
| 12:47 | Ancient Protector |
| 12:54 | Well Spring |
| 12:59 | Huntress |
| 13:13 | Wisp |
| 13:13 | Wisp |
| 13:14 | Wisp |
| 13:51 | Ancient Protector |
| 13:56 | Ancient Protector |
| 14:47 | Glaive Thrower |
| 14:51 | Wisp |
| 14:51 | Wisp |
| 14:51 | Wisp |
| 14:51 | Wisp |
| 14:52 | Wisp |
| 15:11 | Mana Burn |
| 15:33 | Ancient Protector |
| 15:45 | Reinforced Hides |
| 16:46 | Strength of the Wild |
| 16:47 | Improved Reinforced Hides |
| 16:57 | Chimaera Roost |
| 17:02 | Chimaera Roost |
| 17:10 | Huntress |
| 17:10 | Huntress |
| 17:22 | Wisp |
| 17:30 | Moon Well |
| 17:57 | Ancient Protector |
| 18:05 | Improved Strength of the Wild |
| 18:35 | Corrosive Breath |
| 18:37 | Chimaera |
| 18:39 | Wisp |
| 18:39 | Wisp |
| 18:39 | Wisp |
| 18:40 | Wisp |
| 19:14 | Chimaera |
| 19:22 | Wisp |
| 19:22 | Wisp |
| 19:32 | Advanced Reinforced Hides |
| 19:38 | Wisp |
| 19:38 | Wisp |
| 19:47 | Chimaera |
| 20:21 | Chimaera |
| 20:58 | Chimaera |
| 21:06 | Moon Well |
| 21:07 | Moon Well |
| 21:12 | Chimaera Roost |
| 21:18 | Moon Well |
| 21:21 | Advanced Strength of the Wild |
| 21:59 | Chimaera |
| 22:01 | Chimaera |
| 22:03 | Chimaera |
| 22:46 | Chimaera |
| 23:45 | Ancient of Wind |
| 29:54 | Ancient of Lore |
| 30:13 | Ancient Protector |
| 30:14 | Ancient Protector |
| Right click | 957 |
| Select | 384 |
| Build/train/purchase | 96 |
| Chat | 84 |
| Use ability | 25 |
| Misc. action | 4 |
| Remove unit | 4 |
| Assign group | 1 |
โ